 Dungeon Crawl Stone Soup version 0.31-a0-977-gc230f8ef24 (webtiles) character file.

Game seed: 2267610941692147068

49 Shayle the Trooper (level 3, 0/34 HPs)
             Began as a Tengu Hexslinger on Oct 29, 2023.
             Slain by a bat (1 damage)
             ... on level 3 of the Dungeon.
             The game lasted 00:03:37 (1841 turns).

Shayle the Trooper (Tengu Hexslinger)               Turns: 1841, Time: 00:03:37

Health: 0/34       AC:  6    Str:  8    XL:     3   Next: 75%
Magic:  5/5        EV: 10    Int: 15    God:
Gold:   202        SH:  0    Dex: 16    Spells: 2/4 levels left

rFire   + . .        (no weapon)
rCold   . . .        (no shield)
rNeg    . . .        m - +1 ring mail {rF+}
rPois   .            (helmet restricted)
rElec   .            (no cloak)
rCorr   .            (no gloves)
SInv    .            (boots unavailable)
Will    .....        (no amulet) Stlth
                     (no ring)
HPRegen 0.25/turn    (no ring)
MPRegen 0.09/turn

%: acrobat
@: berserking, very quick
A: beak, talons 3, acrobatic
a: no special abilities


You were on level 3 of the Dungeon.
You visited 1 branch of the dungeon, and saw 3 of its levels.

You collected 202 gold pieces.

Inventory:

Hand Weapons
 a - a +1 sling
Missiles
 g - 4 boomerangs
Armour
 c - a +0 robe
 m - a +1 ring mail of fire resistance (worn)
Jewellery
 f - a ring of flight
Scrolls
 b - a scroll of poison
 d - 2 scrolls of fog {unknown}
 i - a scroll of revelation {unknown}
 j - a scroll of blinking {unknown}
 k - a scroll of torment {unknown}
 l - a scroll of enchant weapon {unknown}
 o - a scroll of enchant armour {unknown}
 p - a scroll of fear {unknown}
Potions
 e - a potion of resistance {unknown}
 n - a potion of enlightenment {unknown}
 q - a potion of ambrosia {unknown}


   Skills:
 + Level 3.5 Fighting
 - Level 2.1 Ranged Weapons
 - Level 2.1 Dodging
 - Level 1.0 Spellcasting
 - Level 2.1 Hexes
 - Level 1.1 Fire Magic


You had 2 spell levels left.
You knew the following spells:

 Your Spells              Type           Power      Damage    Failure   Level
a - Jinxbite              Hex            14%        N/A       43%         2

Your spell library contained the following spells:

 Spells                   Type           Power      Damage    Failure   Level
 Blink                    Tloc           0%         N/A       75%         2
 Lesser Beckoning         Tloc           0%         N/A       75%         2
 Momentum Strike          Conj/Tloc      0%         3d8       75%         2
 Sigil of Binding         Hex            7%         N/A       67%         3
 Inner Flame              Hex/Fire       5%         N/A       75%         3
 Cause Fear               Hex            3%         N/A       97%         4
 Dimensional Bullseye     Hex/Tloc       2%         N/A       99%         4


Dungeon Overview and Level Annotations

Branches:
Dungeon (3/15)

Altars:

Annotations:
D:3 Ijyb


Innate Abilities, Weirdness & Mutations

You have a beak for a mouth.
You have claws for feet.
You can magically evade attacks while moving or waiting.


Message History

Okay, then.
A bat comes into view.
Ijyb zaps a wand.
The bolt of light misses you.
You shoot a sling bullet.
The sling bullet hits Ijyb but does no damage.
The bat hits you but does no damage.
Ijyb zaps a wand.
The bolt of light hits you!
Ouch! That really hurt!
You shoot a sling bullet. The sling bullet hits Ijyb.
Ijyb is moderately wounded.
The bat closely misses you. Ijyb barely misses you.
The bat hits you but does no damage. Ijyb closely misses you.
You shoot a sling bullet. The sling bullet closely misses Ijyb.
The bat hits you but does no damage. The bat barely misses you.
Ijyb zaps a wand.
The bolt of light misses you.
You shoot a sling bullet.
The sling bullet hits Ijyb but does no damage.
Ijyb is moderately wounded.
The bat misses you. Ijyb hits you with a +0 club.
Ijyb zaps a wand.
The bolt of light misses you.
You shoot a sling bullet. The sling bullet barely misses Ijyb.
The bat closely misses you. Ijyb barely misses you.
It was a potion of berserk rage.
A red film seems to cover your vision as you go berserk!
You feel yourself moving faster!
You feel mighty!
Ijyb zaps a wand.
The bolt of light hits you!
* * * LOW HITPOINT WARNING * * *
Okay, then.
There are monsters nearby!
You are now empty-handed.
You feel a strong urge to attack something.
Ijyb screams, "Me stronger than you!" Ijyb completely misses you.
The bat hits you but does no damage.
You hit Ijyb but do no damage.
Ijyb is moderately wounded.
The bat barely misses you.
You barely miss Ijyb. Your kick misses Ijyb.
Ijyb is moderately wounded.
The bat hits you.
You die...

. . . ... #. .#... #.
#....#. #####.###
####.......
.>......######.........#
......!......#.........#
......g@b.............##
........#...............
#########...............
####...#.......#
#.....##.......#
#........###.......##
..............)......
###..###.........####
#.####.........#


You could see Ijyb and a bat.

Vanquished Creatures
  An adder (D:2)
  2 worms
  An orc (D:3)
  5 endoplasms
  2 giant cockroaches
  2 goblins
  5 hobgoblins
  3 kobolds
  2 quokkas (D:2)
  3 ball pythons
  A bat (D:1)
  A frilled lizard (D:2)
  3 rats
31 creatures vanquished.

Notes
Turn   | Place    | Note
-------+----------+-------------------------------------------
     0 | D:1      | Shayle the Tengu Hexslinger began the quest for the Orb.
     0 | D:1      | Reached XP level 1. HP: 12/12 MP: 3/3
    89 | D:1      | Reached skill level 2 in Fighting
    89 | D:1      | Reached XP level 2. HP: 17/17 MP: 4/4
   236 | D:1      | Learned a level 2 spell: Jinxbite
  1194 | D:2      | Reached skill level 3 in Fighting
  1194 | D:2      | Reached XP level 3. HP: 23/23 MP: 5/5
  1831 | D:3      | Noticed Ijyb
  1838 | D:3      | HP: 1/34 [Ijyb/bolt of light (12)]
  1841 | D:3      | Slain by a bat

Illustrated notes

Levels and vault maps discovered:
D:1:      minmay_arrival_jagged, layout_basic
D:2:      layout_loops_ring
D:3:      layout_rooms, xom_teletrap_fun, basic_ecumenical_altar,
          hangedman_glass_teeth, uniq_ijyb, uniq_terence, uniq_robin

Skill      XL: |  1  2 |
---------------+-------+-----
Fighting       | 2 3 |  3.5
Ranged Weapons | |  2.1
Dodging        | |  2.1
Spellcasting   | |  1.0
Hexes          | |  2.1
Fire Magic     | |  1.1

Action                     || total
---------------------------++-------
  Melee: Unarmed           ||     2
   Fire: Sling             ||    93
    Use: Potion            ||     1
 Armour: Robe              ||     7
         Ring mail         ||    13
  Dodge: Dodged            ||    39

Table legend: (Time is in decaauts)
 A = Elapsed time spent in this place.
 B = Non-inter-level travel time spent in this place.
 C = Inter-level travel time spent in this place.
 D = Time resting spent in this place.
 E = Time spent auto-exploring this place.
 F = Levels seen in this place.
 G = Mean time per level.
                   A        B        C        D        E       F      G
               +--------+--------+--------+--------+--------+-----+--------+
         Total |   1874 |   1619 |    255 |     32 |   1366 |   3 |  624.7 |
       Dungeon |   1874 |   1619 |    255 |     32 |   1366 |   3 |  624.7 |
               +--------+--------+--------+--------+--------+-----+--------+

Top non-repeatable levels by time:
     D:1: 930 daAuts
     D:2: 844 daAuts
     D:3: 99 daAuts
